 Dungeon Crawl Stone Soup version 0.28-a0-628-g3c9886e45e (webtiles) character file.

Game seed: 11766137960007076442

8 lawman0 the Sneak (level 2, 0/24 HPs)
             Began as a Merfolk Delver on Oct 8, 2021.
             Slain by an adder (1 damage)
             ... on level 5 of the Dungeon.
             The game lasted 00:00:42 (107 turns).

lawman0 the Sneak (Merfolk Delver)                   Turns: 107, Time: 00:00:43

Health: 0/24       AC:  3    Str: 12    XL:     2   Next: 8%
Magic:  2/2        EV: 12    Int:  9    God:
Gold:   11         SH:  0    Dex: 15    Spells: 1/1 levels left

rFire   . . .      SeeInvis .   a - +0 spear
rCold   . . .      Faith    .   (no shield)
rNeg    . . .      Spirit   .   b - +0 leather armour
rPois   .          Reflect  .   (no helmet)
rElec   .          Harm     .   (no cloak)
rCorr   .          Rampage  .   (no gloves)
Will    .....                   (no boots)
Stlth   +++.......              (no amulet)
HPRegen 0.08/turn               (no ring)
MPRegen 0.08/turn               (no ring)

@: lethally poisoned (0 -> -2), hasted, very quick
A: (nimble swimmer 2), mertail
a: no special abilities


You were on level 5 of the Dungeon.
You visited 1 branch of the dungeon, and saw 2 of its levels.

You collected 11 gold pieces.

Inventory:

Hand Weapons
 a - a +0 spear (weapon)
Missiles
 d - 5 boomerangs of dispersal (quivered)
Armour
 b - a +0 leather armour (worn)
Wands
 g - a wand of digging (3)
Scrolls
 c - a scroll of fog
 e - a scroll of fear


   Skills:
 + Level 3.3 Fighting
 * Level 3.2 Polearms
 + Level 2.7 Dodging
 + Level 5.8 Stealth


You had one spell level left.
You didn't know any spells.
Your spell library was empty.

Dungeon Overview and Level Annotations

Branches:
Dungeon (5/15)
 Temple: D:4-7

Altars:


Innate Abilities, Weirdness & Mutations

((You are quick and stealthy near water. (Stealth+, EV+, Speed+++)))
Your lower body shifts to a powerful aquatic tail in water.


Message History

The orc hits you with a +0 club.
* * * LOW HITPOINT WARNING * * *
You are too injured to fight recklessly!
You closely miss the orc.
The orc is heavily wounded.
The orc barely misses you.
You are too injured to fight recklessly!
You hit the orc but do no damage.
The orc is heavily wounded.
The orc barely misses you.
You are too injured to fight recklessly!
You feel yourself speed up. The orc barely misses you.
You barely miss the orc.
The orc is heavily wounded.
The orc barely misses you.
You hit the orc.
The orc is severely wounded.
You hit the orc.
You kill the orc!
You have reached level 2!
You hit the adder.
The adder is moderately wounded.
The adder bites you.
* * * LOW HITPOINT WARNING * * *
You are lethally poisoned!
The adder poisons you!
You closely miss the adder.
The adder is moderately wounded.
* * * LOW HITPOINT WARNING * * *
You feel sick. The adder misses you.
Unknown command.
You hit the adder but do no damage.
The adder is moderately wounded.
* * * LOW HITPOINT WARNING * * *
You feel sick. The adder bites you but does no damage.
You hit the adder.
The adder is severely wounded.
* * * LOW HITPOINT WARNING * * *
You feel sick. The adder bites you.
You die...

***,** ****#.#*** *,,*,,*,*****
*,* #.# *,,,,,,,* *,* #>###
**,,,,****** ##+#* #...#
*,,,,,,,,,* ##...#* ###.#
*,*,*****,* #.....#* ##.#
*,,,.****,* .......## ##..#
**,...,,**,**
........####...######.....,,,*,**
........'......)@S...[....,,,,,,+
...$....####...######..###,,,*,**
W......######[..## *,,...,,,,,**
......#* #..>###.## *,**,.,*,***
#....#* #..## ##.# *,**,***,*
#.#+#* #<.# #.# *,**,***,* #,*,*
#..#* *#.# *,,,,,,,,* *,*,*
#.#.#**.## ****,***** *,*,**
#.#...,.* *,,,*******


You could see an adder.

Vanquished Creatures
  4 orcs (D:5)
4 creatures vanquished.

Notes
Turn   | Place    | Note
-------+----------+-------------------------------------------
     0 | D:5      | lawman0 the Merfolk Delver began the quest for the Orb.
     0 | D:5      | Reached XP level 1. HP: 18/18 MP: 1/1
    45 | D:4      | Noticed a howler monkey
    70 | D:5      | Noticed a phantom
   104 | D:5      | Reached XP level 2. HP: 5/24 MP: 2/2
   107 | D:5      | HP: 1/24 [poisoned by an adder]
   107 | D:5      | Slain by an adder

Illustrated notes

Levels and vault maps discovered:
D:4:      layout_rooms, pdpol_temple_overflow_zin_treasury_gozag_greed,
          uniq_edmund
D:5:      minmay_evil_eye, layout_loops_corners,
          nicolae_kikubaaqudgha_miasma_corner, uniq_menkaure

Action                   || total
-------------------------++-------
Melee: Spear             ||    23
  Use: Scroll            ||     1
       Potion            ||     1
Armor: Leather armour    ||     1
Dodge: Dodged            ||    12

Table legend: (Time is in decaauts)
 A = Elapsed time spent in this place.
 B = Non-inter-level travel time spent in this place.
 C = Inter-level travel time spent in this place.
 D = Time resting spent in this place.
 E = Time spent auto-exploring this place.
 F = Levels seen in this place.
 G = Mean time per level.
                   A        B        C        D        E       F      G
               +--------+--------+--------+--------+--------+-----+--------+
         Total |    104 |    104 |      0 |      0 |      2 |   2 |   52.0 |
       Dungeon |    104 |    104 |      0 |      0 |      2 |   2 |   52.0 |
               +--------+--------+--------+--------+--------+-----+--------+

Top non-repeatable levels by time:
     D:5: 70 daAuts
     D:4: 33 daAuts
